 Dungeon Crawl Stone Soup version 0.32-a0-818-gb728d0252e (webtiles) character file.

Game seed: 2251525510850861144

51 pokeman the Magician (level 3, -9/20 HPs)
             Began as a Deep Elf Hedge Wizard on Mar 23, 2024.
             Mangled by Sigmund
             ... wielding a +5 scythe of protection
              (17 damage)
             ... on level 2 of the Dungeon.
             The game lasted 00:03:24 (1812 turns).

pokeman the Magician (Deep Elf Hedge Wizard)        Turns: 1812, Time: 00:03:25

Health: -9/20      AC:  2    Str:  7    XL:     3   Next: 58%
Magic:  2/11       EV: 11    Int: 20    God:
Gold:   40         SH:  0    Dex: 14    Spells: 4/12 levels left

rFire   . . .        a - +0 dagger
rCold   . . .        (no shield)
rNeg    . . .        b - +0 robe
rPois   .            c - +0 hat
rElec   .            (no cloak)
rCorr   .            (no gloves)
SInv    .            (no boots)
Will    .....        (no amulet)
Stlth   ++           (no ring)
HPRegen 0.23/turn    (no ring)
MPRegen 0.12/turn

%: no passive effects
@: very slightly contaminated
A: no striking features
a: no special abilities


You were on level 2 of the Dungeon.
You visited 1 branch of the dungeon, and saw 2 of its levels.

You collected 40 gold pieces.

Inventory:

Hand Weapons
 a - a +0 dagger (weapon)
Armour
 b - a +0 robe (worn)
 c - a +0 hat (worn)
Scrolls
 e - a scroll of fog {unknown}
 f - a scroll of enchant armour {unknown}
 h - 2 scrolls of blinking {unknown}
 i - a scroll of noise {unknown}
 j - 2 scrolls of immolation {unknown}
 k - a scroll of poison {unknown}
Potions
 d - a potion of magic
 g - a potion of heal wounds {unknown}


   Skills:
 - Level 1.0 Fighting
 + Level 1.0 Armour
 + Level 2.5 Dodging
 - Level 2.4 Stealth
 * Level 5.3 Spellcasting
 + Level 1.9 Conjurations
 - Level 1.1 Summonings
 - Level 1.1 Translocations


You had 4 spell levels left.
You knew the following spells:

 Your Spells              Type           Power      Damage    Failure   Level
a - Magic Dart            Conj           52%        1d5       4%          1
b - Mephitic Cloud        Conj/Alch/Air  7%         N/A       26%         3
c - Call Imp              Summ           18%        N/A       11%         2
d - Blink                 Tloc           18%        N/A       11%         2

Your spell library contained the following spells:

 Spells                   Type           Power      Damage    Failure   Level
 Kiss of Death            Conj/Necr      36%        2d8       8%          1
 Slow                     Hex            20%        N/A       12%         1
 Cigotuvi's Dreadful Rot  Necr/Alch/Air  10%        N/A       17%         2
 Confusing Touch          Hex            5%         N/A       34%         3
 Dispel Undead            Necr           5%         3d7       75%         4


Dungeon Overview and Level Annotations

Branches:
Dungeon (2/15)

Altars:

Annotations:
D:2 Sigmund


Message History

Aiming: Mephitic Cloud (extremely dangerous; 26% risk of failure)
Press: ? - help, Shift-Dir - straight line, f - Sigmund
Aim: Sigmund, wielding a +5 scythe of protection, wearing a +0 robe and carrying a wand of polymorph (chance to affect: 86%)
The ball explodes into a vile cloud!
The stinking cloud engulfs Sigmund.
Sigmund is engulfed in noxious fumes.
Unknown command.
Unknown command.
Casting: Mephitic Cloud (extremely dangerous; 26% risk of failure)
Confirm with . or Enter, or press ? or * to list all spells.
Aiming: Mephitic Cloud (extremely dangerous; 26% risk of failure)
Press: ? - help, Shift-Dir - straight line, f/p - Sigmund
Aim: Sigmund, wielding a +5 scythe of protection, wearing a +0 robe and carrying a wand of polymorph (chance to affect: 86%)
You miscast Mephitic Cloud.
You are very lightly contaminated with residual magic.
Nothing appears to happen.
Sigmund hits you from afar with a +5 scythe of protection!
Unknown command.
Casting: Mephitic Cloud (extremely dangerous; 26% risk of failure)
Confirm with . or Enter, or press ? or * to list all spells.
Aiming: Mephitic Cloud (extremely dangerous; 26% risk of failure)
Press: ? - help, Shift-Dir - straight line, f/p - Sigmund
Aim: Sigmund, wielding a +5 scythe of protection, wearing a +0 robe and carrying a wand of polymorph (chance to affect: 86%)
The ball explodes into a vile cloud!
The stinking cloud engulfs Sigmund.
You hear a shout!
Unknown command.
Unknown command.
Sigmund is engulfed in noxious fumes.
Sigmund appears confused.
Sigmund chortles and stares into space.
Sigmund hits you with a +5 scythe of protection.
A goblin opens the door.
You hit Sigmund but do no damage.
Sigmund is engulfed in noxious fumes.
Sigmund appears confused.
Sigmund barely misses you.
Unknown command.
You hit Sigmund but do no damage.
Unknown command.
You hit Sigmund but do no damage.
Sigmund is engulfed in noxious fumes.
Sigmund appears confused.
Sigmund hits you with a +5 scythe of protection!
Ouch! That really hurt!
You die...

##...#####
#........#
#........#
#........#
#........#
#....$...#
#........#
###+#..........
#..☼@###########
#§.@§# #§☼○§#
###g## #. #. #.
#.


You could see Sigmund (confused) and a goblin.

Vanquished Creatures
  A gnoll (D:1)
  2 dart slugs (D:1)
  3 bats (D:1)
  3 endoplasms (D:1)
  4 giant cockroaches
  2 goblins
  3 hobgoblins
  2 quokkas
  6 ball pythons
  3 frilled lizards
  3 kobolds
  5 rats
37 creatures vanquished.

Notes
Turn   | Place    | Note
-------+----------+-------------------------------------------
     0 | D:1      | pokeman the Deep Elf Hedge Wizard began the quest for the
                  | Orb.
     0 | D:1      | Reached XP level 1. HP: 10/10 MP: 7/7
   129 | D:1      | Reached XP level 2. HP: 16/16 MP: 4/9
   519 | D:1      | Found a faded altar of an unknown god.
   525 | D:1      | Reached skill level 5 in Spellcasting
   810 | D:1      | Reached XP level 3. HP: 20/20 MP: 7/11
   814 | D:1      | Learned a level 3 spell: Mephitic Cloud
   817 | D:1      | Learned a level 2 spell: Call Imp
   820 | D:1      | Learned a level 2 spell: Blink
  1096 | D:1      | Reached skill level 1 in Fighting
  1715 | D:2      | Reached skill level 1 in Armour
  1796 | D:2      | Noticed Sigmund
  1812 | D:2      | Mangled by Sigmund

Illustrated notes

Levels and vault maps discovered:
D:1:      shiori_arrival_elements, layout_loops_corners,
          ebering_ecumenical_altar_box
D:2:      minmay_roachtagon, layout_basic, uniq_sigmund

Skill      XL: |  1  2  3 |
---------------+----------+-----
Spellcasting   | 5 |  5.3
Fighting       | 1 |  1.0
Armour         | 1 |  1.0
Dodging        | |  2.5
Stealth        | |  2.4
Conjurations   | |  1.9
Summonings     | |  1.1
Translocations | |  1.1

Action                     || total
---------------------------++-------
  Melee: Dagger            ||    13
   Cast: Magic Dart        ||    83
         Mephitic Cloud    ||     2
 Armour: Robe              ||    12
  Dodge: Dodged            ||    11

Table legend: (Time is in decaauts)
 A = Elapsed time spent in this place.
 B = Non-inter-level travel time spent in this place.
 C = Inter-level travel time spent in this place.
 D = Time resting spent in this place.
 E = Time spent auto-exploring this place.
 F = Levels seen in this place.
 G = Mean time per level.
                   A        B        C        D        E       F      G
               +--------+--------+--------+--------+--------+-----+--------+
         Total |   1811 |   1792 |     19 |     34 |   1577 |   2 |  905.5 |
       Dungeon |   1811 |   1792 |     19 |     34 |   1577 |   2 |  905.5 |
               +--------+--------+--------+--------+--------+-----+--------+

Top non-repeatable levels by time:
     D:1: 1495 daAuts
     D:2: 316 daAuts
